 Dungeon Crawl Stone Soup version 0.30-a0-232-g7c5df11ecf (webtiles) character file.

Game seed: 1284818997653697858

10997 qw the Cleaver (level 11, -18/69 HPs)
             Began as a Gargoyle Fighter on Oct 9, 2022.
             Was a High Priest of Okawaru.
             Killed from afar by a gargoyle (26 damage)
             ... with a stone arrow
             ... on level 10 of the Dungeon.
             The game lasted 00:03:36 (8955 turns).

qw the Cleaver (Gargoyle Fighter)                   Turns: 8955, Time: 00:03:37

Health: -18/69     AC: 32    Str: 23    XL:     11   Next: 70%
Magic:  0/5        EV:  7    Int:  8    God:    Okawaru [*****.]
Gold:   467        SH:  5    Dex: 10    Spells: 10/10 levels left

rFire   . . .      SeeInvis .    Y - +4 broad axe (antimagic)
rCold   . . .      Faith    .    c - +0 buckler
rNeg    + + +      Spirit   .    y - +0 plate armour
rPois   inf        Reflect  .    f - +2 helmet
rElec   +          Harm     .    a - +2 ratskin cloak {*Rats rPois rN+ Str-1 Int-1 Dex+1}
rCorr   .          Rampage  .    g - +1 pair of gloves
Will    .....                    l - +0 pair of boots
Stlth   ..........               (no amulet)
HPRegen 0.31/turn                u - ring of positive energy
MPRegen 0.09/turn                (no ring)

@: about to teleport, finesse-ful
A: sickness immunity, AC +8, negative energy resistance 1, electricity
resistance, torment resistance 1, petrification resistance
a: Renounce Religion, Heroism, Finesse, Duel


You were on level 10 of the Dungeon.
You worshipped Okawaru.
Okawaru was extremely pleased with you.
You visited 2 branches of the dungeon, and saw 11 of its levels.

You collected 467 gold pieces.


Innate Abilities, Weirdness & Mutations

You are immune to sickness and miasma.
Your stone body is resilient. (AC +8)
You are immune to poison.
You resist negative energy. (rN+)
You are resistant to electric shocks. (rElec)
You are resistant to unholy torment.
You are immune to petrification.


   Skills:
 + Level 8.9 Fighting
 - Level 11.0 Axes
 - Level 3.1 Throwing
 - Level 8.0 Armour
 - Level 2.1 Dodging
 - Level 5.0 Shields
 + Level 8.5 Invocations


You had 10 spell levels left.
You didn't know any spells.
Your spell library was empty.

Inventory:

Hand Weapons
 r - a +0 morningstar
 Y - a +4 antimagic broad axe (weapon)
Missiles
 h - 6 boomerangs (quivered)
Armour
 a - the +2 ratskin cloak (worn) {*Rats rPois rN+ Str-1 Int-1 Dex+1}
   (You found it on level 3 of the Dungeon)

   When the wearer is hurt, rats may emerge from it to assist them.
   Str:       It affects your strength (-1).
   Int:       It affects your intelligence (-1).
   Dex:       It affects your dexterity (+1).
   rPois:     It protects you from poison.
   rN:        It protects you from negative energy.
 c - a +0 buckler (worn)
 f - a +2 helmet (worn)
 g - a +1 pair of gloves (worn)
 k - a +2 scale mail of fire resistance
 l - a +0 pair of boots (worn)
 y - a +0 plate armour (worn)
Jewellery
 u - a ring of positive energy (left hand)
Wands
 b - a wand of digging (3)
Scrolls
 i - 4 scrolls of identify
 n - 3 scrolls of teleportation
Potions
 d - a potion of might
 e - 4 potions of mutation
 j - a potion of attraction {unknown}
 m - 3 potions of magic
 p - 2 potions of curing
 q - a potion of cancellation
 s - a potion of ambrosia {unknown}
 t - a potion of flight {unknown}
 v - a potion of lignification {unknown}

Dungeon Overview and Level Annotations

Branches:
Dungeon (10/15)            Temple (1/1) D:4
   Lair: D:8-11         Orc: D:9-12

Altars:
Ashenzari
Cheibriados
Dithmenos
Elyvilon
Fedhas
Gozag
Hepliaklqana
Kikubaaqudgha
Makhleb
Nemelex Xobeh
Okawaru
Qazlal
Ru
Sif Muna
Trog
Uskayaw
Vehumet
Wu Jian
Xom
Yredelemnul
Zin
The Shining One

Shops:
D:3 [

Annotations:
D:6 3 runed translucent doors, qw's ghost, novice GrFi
D:8 3 runed translucent doors, qw's ghost, novice GrFi


Message History

You barely miss the smoke demon.
The smoke demon is heavily wounded.
You hit the kobold demonologist.
The kobold demonologist's magic leaks into the air.
You closely miss the kobold demonologist.
The kobold demonologist is heavily wounded.
You hit the smoke demon.
The smoke demon's magic leaks into the air.
You block the smoke demon's attack.
The smoke demon hits you but does no damage.
The smoke demon barely misses you.
You block the kobold demonologist's attack.
You slash the kobold demonologist!
The kobold demonologist's magic leaks into the air.
The kobold demonologist is almost dead.
You hit the acid dragon. You completely miss the smoke demon.
You slice the kobold demonologist!!
You kill the kobold demonologist!
Okawaru accepts your kill.
The smoke demon disappears in a puff of smoke!
You hit the acid dragon but do no damage.
The gargoyle hurls a stone arrow at you.
The stone arrow hits you but does no damage.
The acid dragon spits acid at you. The splash of acid hits you!
8952 ||| READING 4 scrolls of teleportation.
As you read the scroll of teleportation, it crumbles to dust.
You feel strangely unstable. You block the acid dragon's attack.
The acid dragon barely misses you.
You slice the acid dragon!!
The acid dragon is almost dead.
You feel like a meek peon again.
You slash the acid dragon!
You kill the acid dragon!
Okawaru accepts your kill.
The acid dragon scales are intact enough to wear.
You carefully extract the barbed spikes from your body.
The gargoyle hurls a stone arrow at you.
The stone arrow hits you!!
You die...

#.....# .......##
.#......## .........#
.........## ..........##
......9)...##
.......@....##
.............####...
....................
...................#
................##..
..................
......>.................
........?...............
....................


You could see a gargoyle.

Vanquished Creatures
  An ogre mage (D:10)
  A rakshasa (D:10)
  A centaur warrior (D:10)
  An ugly thing (D:10)
  Maggie (D:7)
  An unseen horror (D:10)
  A kobold demonologist (D:10)
  A komodo dragon (D:10)
  A troll (D:10)
  9 yaks
  Sigmund (D:5)
  4 wyverns
  A wraith (D:10)
  2 steam dragons
  4 vampire mosquitoes (D:10)
  2 acid dragons
  3 water moccasins
  2 orc warriors
  2 sky beasts
  3 black bears
  4 ogres
  3 centaurs (D:10)
  2 kobold brigands
  2 necrophages
  3 bullfrogs
  A gnoll sergeant (D:6)
  7 scorpions
  10 wights
  7 killer bees (D:9)
  2 howler monkeys
  A gnoll bouda (D:5)
  10 orc priests
  6 iguanas
  9 orc wizards
  17 gnolls
  5 adders
  3 white imps
  An ufetubus (D:4)
  A dart slug (D:1)
  34 orcs
  5 endoplasms
  8 giant cockroaches
  4 goblins
  8 hobgoblins
  11 jackals
  8 quokkas
  4 ball pythons
  2 bats (D:1)
  5 frilled lizards
  13 kobolds
  8 rats
246 creatures vanquished.

Vanquished Creatures (others)
  41 fungi (D:10)
  83 plants
124 creatures vanquished.

Grand Total: 370 creatures vanquished

Notes
Turn   | Place    | Note
-------+----------+-------------------------------------------
     0 | D:1      | qw the Gargoyle Fighter began the quest for the Orb.
     0 | D:1      | Reached XP level 1. HP: 14/14 MP: 1/1
     0 | D:1      | 0 ||| qw: Version: 0.2-a-17-g06abaee
     0 | D:1      | 0 ||| qw: Game counter: 2309
     0 | D:1      | 0 ||| qw: Always use a shield: true
     0 | D:1      | 0 ||| qw: God list: Okawaru
     0 | D:1      | 0 ||| qw: Allow faded altars: false
     0 | D:1      | 0 ||| qw: Do Orc after D:15 true
     0 | D:1      | 0 ||| qw: Do second Lair branch before Depths: true
     0 | D:1      | 0 ||| qw: Lair rune preference: random
     0 | D:1      | 0 ||| qw: Plans: Normal, Zot:1-4, God:TSO, Crypt, Tomb,
                  | Pan, Slime:5, Hells, Abyss, Orb
     0 | D:1      | 0 ||| PLANNING D:1-11
    31 | D:1      | Reached skill level 2 in Axes
   186 | D:1      | Reached XP level 2. HP: 19/19 MP: 2/2
   234 | D:1      | 234 ||| Stepping ~*~*~tactically~*~*~ (stealth).
   261 | D:1      | 261 ||| Stepping ~*~*~tactically~*~*~ (stealth).
   262 | D:1      | 262 ||| Stepping ~*~*~tactically~*~*~ (stealth).
   264 | D:1      | 264 ||| Stepping ~*~*~tactically~*~*~ (hiding).
   287 | D:1      | 287 ||| DROPPING +0 club.
   309 | D:1      | Reached skill level 3 in Axes
   329 | D:1      | Found a faded altar of an unknown god.
   427 | D:1      | Reached XP level 3. HP: 23/23 MP: 3/3
   879 | D:1      | 879 ||| UPGRADING to +2 helmet.
   884 | D:1      | 884 ||| READING scroll labelled RONLIU DEPLAMASCH.
   885 | D:1      | 885 ||| READING scroll labelled CIMUG ICOGEC.
  1247 | D:2      | 1247 ||| Stepping ~*~*~tactically~*~*~ (stealth).
  1431 | D:2      | 1431 ||| Stepping ~*~*~tactically~*~*~ (hiding).
  1445 | D:2      | Reached XP level 4. HP: 11/28 MP: 4/4
  1445 | D:2      | HP: 6/28 [gnoll/+0 spear (3)]
  1447 | D:2      | Reached skill level 4 in Axes
  1540 | D:2      | 1540 ||| DROPPING +0 whip.
  1828 | D:2      | 1828 ||| UPGRADING to +2 scale mail of fire resistance.
  1838 | D:2      | 1838 ||| DROPPING +0 scale mail.
  1839 | D:2      | 1839 ||| UPGRADING to +0 pair of boots.
  1844 | D:2      | 1844 ||| READING scroll labelled FUDUPH MIESS.
  1844 | D:2      | Identified a scroll of acquirement
  1844 | D:2      | 1844 ||| ACQUIRING +2 antimagic broad axe
  1844 | D:2      | Acquired a +2 antimagic broad axe
  1846 | D:2      | 1846 ||| SWAPPING to +2 antimagic broad axe.
  1847 | D:2      | 1847 ||| DROPPING +0 war axe.
  1848 | D:2      | 1848 ||| READING scroll labelled WOUSYN WYUME.
  1849 | D:2      | 1849 ||| READING scroll labelled YDIASK BASY.
  1853 | D:2      | 1853 ||| READING scroll labelled ZAGREA SEITINE.
  1854 | D:2      | 1854 ||| READING 2 scrolls of identify.
  1854 | D:2      | 1854 ||| IDENTIFYING viscous pink potion
  1874 | D:3      | Found Zetsyif's Armour Shoppe.
  1875 | D:3      | 1875 ||| Stepping ~*~*~tactically~*~*~ (hiding).
  1879 | D:3      | 1879 ||| Stepping ~*~*~tactically~*~*~ (hiding).
  1887 | D:3      | Reached XP level 5. HP: 32/32 MP: 1/5
  1888 | D:3      | 1888 ||| STAIRDANCE
  1891 | D:2      | HP: 4/32 [orc priest/divine providence (11)]
  2001 | D:3      | 2001 ||| Stepping ~*~*~tactically~*~*~ (hiding).
  2002 | D:3      | 2002 ||| Stepping ~*~*~tactically~*~*~ (hiding).
  2021 | D:3      | 2021 ||| Stepping ~*~*~tactically~*~*~ (stealth).
  2026 | D:3      | 2026 ||| Stepping ~*~*~tactically~*~*~ (stealth).
  2036 | D:3      | 2036 ||| SHOPLISTING +0 plate armour (253 gold, have 123).
  2036 | D:3      | 2036 ||| SHOPLISTING +2 chain mail of cold resistance (236
                  | gold, have 123).
  2053 | D:3      | Found the +2 ratskin cloak {*Rats rPois rN+ Str-1 Int-1
                  | Dex+1}
  2200 | D:3      | Reached skill level 5 in Axes
  2305 | D:3      | Found an ancient bone altar of Kikubaaqudgha.
  2577 | D:3      | 2577 ||| UPGRADING to +2 ratskin cloak {*Rats rPois rN+
                  | Str-1 Int-1 Dex+1}.
  2582 | D:3      | 2582 ||| UPGRADING to +0 pair of gloves.
  2587 | D:3      | 2587 ||| READING 2 scrolls labelled KOFA LIHAEM.
  2588 | D:3      | 2588 ||| READING scroll of enchant armour.
  2588 | D:3      | 2588 ||| ENCHANTING +0 pair of gloves.
  2621 | D:4      | Noticed a black bear
  2624 | D:4      | 2624 ||| Stepping ~*~*~tactically~*~*~ (stealth).
  2628 | D:4      | Killed a black bear
  2629 | D:4      | Reached XP level 6. HP: 31/37 MP: 2/6
  2629 | D:4      | 2629 ||| FLEEEEING.
  2630 | D:4      | 2630 ||| STAIRDANCE
  2669 | D:4      | 2669 ||| FLEEEEING.
  2671 | D:4      | 2671 ||| STAIRDANCE
  2722 | D:4      | Reached XP level 7. HP: 25/43 MP: 2/7
  2756 | D:4      | 2756 ||| FLEEEEING.
  2757 | D:4      | 2757 ||| FLEEEEING.
  2759 | D:4      | 2759 ||| STAIRDANCE
  2810 | D:4      | 2810 ||| Stepping ~*~*~tactically~*~*~ (stealth).
  2813 | D:4      | 2813 ||| Stepping ~*~*~tactically~*~*~ (stealth).
  2814 | D:4      | 2814 ||| Stepping ~*~*~tactically~*~*~ (stealth).
  2820 | D:4      | 2820 ||| Stepping ~*~*~tactically~*~*~ (stealth).
  2827 | D:4      | Found a staircase to the Ecumenical Temple.
  2828 | D:4      | 2828 ||| PLANNING TEMPLE
  2835 | D:4      | 2835 ||| FLEEEEING.
  2836 | D:4      | 2836 ||| FLEEEEING.
  2837 | D:4      | 2837 ||| FLEEEEING.
  2845 | D:4      | Reached skill level 6 in Axes
  2853 | Temple   | Entered the Ecumenical Temple
  2854 | Temple   | 2854 ||| PLANNING OKAWARU WORSHIP
  2911 | Temple   | Became a worshipper of Warmaster Okawaru
  2912 | Temple   | 2912 ||| PLANNING D:1-11
  3016 | D:4      | 3016 ||| Stepping ~*~*~tactically~*~*~ (stealth).
  3017 | D:4      | 3017 ||| Stepping ~*~*~tactically~*~*~ (stealth).
  3019 | D:4      | 3019 ||| Stepping ~*~*~tactically~*~*~ (stealth).
  3024 | D:4      | 3024 ||| Stepping ~*~*~tactically~*~*~ (stealth).
  3357 | D:4      | 3357 ||| READING scroll labelled UMEMYPRAEKH.
  3358 | D:4      | 3358 ||| READING scroll labelled VOLECS HUJUSK.
  3359 | D:4      | 3359 ||| READING 2 scrolls of identify.
  3359 | D:4      | 3359 ||| IDENTIFYING metallic coppery potion
  3360 | D:4      | 3360 ||| DROPPING potion of berserk rage.
  3402 | D:5      | Entered Level 5 of the Dungeon
  3403 | D:5      | 3403 ||| PLANNING SEWER
  3412 | D:5      | Found an ornate altar of the Wu Jian Council.
  3489 | D:5      | 3489 ||| Stepping ~*~*~tactically~*~*~ (stealth).
  3571 | D:5      | 3571 ||| Stepping ~*~*~tactically~*~*~ (stealth).
  3574 | D:5      | 3574 ||| Stepping ~*~*~tactically~*~*~ (hiding).
  3575 | D:5      | 3575 ||| Stepping ~*~*~tactically~*~*~ (hiding).
  3583 | D:5      | Reached skill level 7 in Axes
  3594 | D:5      | 3594 ||| Stepping ~*~*~tactically~*~*~ (hiding).
  3710 | D:5      | 3710 ||| Stepping ~*~*~tactically~*~*~ (stealth).
  3743 | D:5      | Reached * piety under Okawaru
  3744 | D:5      | Reached XP level 8. HP: 49/49 MP: 2/8
  3778 | D:5      | 3778 ||| INVOKING Heroism.
  3780 | D:5      | 3780 ||| Stepping ~*~*~tactically~*~*~ (stealth).
  3785 | D:5      | Reached skill level 1 in Invocations
  3897 | D:5      | 3897 ||| Stepping ~*~*~tactically~*~*~ (stealth).
  3907 | D:5      | 3907 ||| INVOKING Heroism.
  3997 | D:5      | Noticed Sigmund
  3998 | D:5      | 3998 ||| INVOKING Heroism.
  4013 | D:5      | Killed Sigmund
  4014 | D:5      | Reached skill level 3 in Invocations
  4047 | D:5      | 4047 ||| RIP SEWER
  4074 | D:5      | 4074 ||| PLANNING D:1-11
  4083 | D:5      | 4083 ||| INVOKING Heroism.
  4085 | D:5      | 4085 ||| Stepping ~*~*~tactically~*~*~ (hiding).
  4108 | D:5      | Identified the +3 leather armour "Gaug" {rC+ Regen+ MP+9
                  | Dex-3}
  4122 | D:5      | 4122 ||| Stepping ~*~*~tactically~*~*~ (hiding).
  4417 | D:5      | Reached skill level 8 in Axes
  4455 | D:5      | 4455 ||| READING scroll labelled OFFEPT QUXTU.
  4456 | D:5      | 4456 ||| DRINKING 2 puce potions.
  4457 | D:5      | 4457 ||| DRINKING 3 fuming inky potions.
  4475 | D:6      | 4475 ||| Stepping ~*~*~tactically~*~*~ (hiding).
  4476 | D:6      | 4476 ||| INVOKING Heroism.
  4486 | D:6      | Reached skill level 6 in Fighting
  4494 | D:6      | Reached ** piety under Okawaru
  4539 | D:6      | 4539 ||| INVOKING Heroism.
  4562 | D:6      | Reached XP level 9. HP: 49/55 MP: 2/12
  4829 | D:6      | Reached skill level 1 in Throwing
  4851 | D:6      | 4851 ||| Stepping ~*~*~tactically~*~*~ (hiding).
  4853 | D:6      | 4853 ||| Stepping ~*~*~tactically~*~*~ (hiding).
  4855 | D:6      | 4855 ||| INVOKING Heroism.
  4900 | D:6      | 4900 ||| INVOKING Heroism.
  4987 | D:6      | Found a runed translucent gate.
  4987 | D:6      | Noticed qw's ghost (novice GrFi)
  4988 | D:6      | Found a runed translucent gate.
  4989 | D:6      | Found a runed translucent gate.
  5062 | D:6      | 5062 ||| READING scroll of enchant weapon.
  5062 | D:6      | 5062 ||| ENCHANTING +3 antimagic broad axe.
  5161 | D:6      | Reached skill level 9 in Axes
  5242 | D:6      | 5242 ||| INVOKING Heroism.
  5319 | D:6      | 5319 ||| DRINKING 2 pink potions.
  5320 | D:6      | 5320 ||| DROPPING potion of brilliance.
  5383 | D:7      | 5383 ||| INVOKING Heroism.
  5449 | D:7      | 5449 ||| Stepping ~*~*~tactically~*~*~ (hiding).
  5452 | D:7      | 5452 ||| INVOKING Heroism.
  5478 | D:7      | 5478 ||| DROPPING +0 flail.
  5658 | D:7      | 5658 ||| Stepping ~*~*~tactically~*~*~ (hiding).
  5661 | D:7      | 5661 ||| INVOKING Heroism.
  5789 | D:7      | 5789 ||| Stepping ~*~*~tactically~*~*~ (hiding).
  6055 | D:7      | Noticed Maggie
  6056 | D:7      | 6056 ||| Stepping ~*~*~tactically~*~*~ (hiding).
  6057 | D:7      | 6057 ||| Stepping ~*~*~tactically~*~*~ (hiding).
  6074 | D:7      | Killed Maggie
  6074 | D:7      | Reached *** piety under Okawaru
  6075 | D:7      | Reached skill level 3 in Throwing
  6221 | D:7      | Reached XP level 10. HP: 63/63 MP: 4/13
  6561 | D:8      | Reached skill level 10 in Axes
  6675 | D:8      | 6675 ||| Stepping ~*~*~tactically~*~*~ (stealth).
  6681 | D:8      | 6681 ||| Stepping ~*~*~tactically~*~*~ (stealth).
  6722 | D:8      | Identified the +1 scale mail "Lyzxawnaavi" {rF+}
  6774 | D:8      | 6774 ||| INVOKING Heroism.
  6804 | D:8      | Found a runed translucent gate.
  6804 | D:8      | Found a runed translucent gate.
  6804 | D:8      | Found a runed translucent gate.
  6808 | D:8      | Noticed qw's ghost (novice GrFi)
  6832 | D:8      | 6832 ||| INVOKING Heroism.
  6848 | D:8      | 6848 ||| Stepping ~*~*~tactically~*~*~ (stealth).
  6859 | D:8      | 6859 ||| INVOKING Heroism.
  7094 | D:8      | Identified the +3 mace of Division {spect, *Corrode rN++
                  | Str+8 Int-4}
  7329 | D:8      | 7329 ||| DROPPING +3 leather armour "Gaug" {rC+ Regen+ MP+9
                  | Dex-3}.
  7330 | D:8      | 7330 ||| DROPPING +1 scale mail "Lyzxawnaavi" {rF+}.
  7331 | D:8      | 7331 ||| DROPPING +0 chain mail.
  7332 | D:8      | 7332 ||| UPGRADING to +0 plate armour.
  7342 | D:8      | 7342 ||| UPGRADING to ring of positive energy.
  7343 | D:8      | 7343 ||| READING scroll labelled JAFOSOZOLA.
  7344 | D:8      | 7344 ||| READING scroll labelled NYFRIU IPLEDE.
  7445 | D:8      | 7445 ||| DRINKING 2 blue potions.
  7446 | D:8      | 7446 ||| READING 2 scrolls of identify.
  7446 | D:8      | 7446 ||| IDENTIFYING yellow potion
  7464 | D:9      | 7464 ||| Stepping ~*~*~tactically~*~*~ (hiding).
  7465 | D:9      | 7465 ||| INVOKING Heroism.
  7485 | D:9      | Reached skill level 6 in Armour
  7660 | D:9      | Found a white marble altar of Elyvilon.
  7662 | D:9      | Found a hide-covered altar of Uskayaw.
  7986 | D:9      | 7986 ||| Stepping ~*~*~tactically~*~*~ (stealth).
  7996 | D:9      | Reached **** piety under Okawaru
  8004 | D:9      | 8004 ||| Stepping ~*~*~tactically~*~*~ (stealth).
  8011 | D:9      | 8011 ||| INVOKING Heroism.
  8017 | D:9      | 8017 ||| Stepping ~*~*~tactically~*~*~ (stealth).
  8018 | D:9      | 8018 ||| Stepping ~*~*~tactically~*~*~ (stealth).
  8019 | D:9      | 8019 ||| Stepping ~*~*~tactically~*~*~ (stealth).
  8069 | D:9      | Found a blossoming altar of Fedhas.
  8072 | D:9      | Found a shimmering altar of Xom.
  8225 | D:10     | Entered Level 10 of the Dungeon
  8260 | D:10     | 8260 ||| INVOKING Heroism.
  8392 | D:10     | Killed an unseen horror
  8396 | D:10     | 8396 ||| Stepping ~*~*~tactically~*~*~ (hiding).
  8397 | D:10     | 8397 ||| Stepping ~*~*~tactically~*~*~ (hiding).
  8398 | D:10     | 8398 ||| Stepping ~*~*~tactically~*~*~ (hiding).
  8399 | D:10     | 8399 ||| Stepping ~*~*~tactically~*~*~ (hiding).
  8400 | D:10     | 8400 ||| Stepping ~*~*~tactically~*~*~ (hiding).
  8401 | D:10     | 8401 ||| INVOKING Heroism.
  8414 | D:10     | Reached XP level 11. HP: 39/68 MP: 3/15
  8414 | D:10     | HP: 15/68 [acid dragon/splash of acid (24)]
  8415 | D:10     | 8415 ||| READING 6 scrolls of teleportation.
  8416 | D:10     | 8416 ||| DRINKING potion of heal wounds.
  8650 | D:10     | 8650 ||| INVOKING Heroism.
  8656 | D:10     | Reached skill level 6 in Invocations
  8753 | D:10     | 8753 ||| INVOKING Heroism.
  8794 | D:10     | Reached ***** piety under Okawaru
  8841 | D:10     | 8841 ||| INVOKING Heroism.
  8868 | D:10     | Noticed a centaur warrior
  8868 | D:10     | Noticed an ogre mage
  8868 | D:10     | Noticed a green ugly thing
  8868 | D:10     | Noticed a boulder beetle
  8869 | D:10     | 8869 ||| INVOKING Heroism.
  8869 | D:10     | Noticed a rakshasa
  8873 | D:10     | Killed an ogre mage
  8879 | D:10     | Killed a green ugly thing
  8879 | D:10     | Received a gift from Okawaru
  8880 | D:10     | Reached skill level 11 in Axes
  8894 | D:10     | 8894 ||| INVOKING Heroism.
  8895 | D:10     | Killed a rakshasa
  8915 | D:10     | HP: 16/69 [boulder beetle (2)]
  8916 | D:10     | 8916 ||| READING 5 scrolls of teleportation.
  8917 | D:10     | 8917 ||| DRINKING potion of heal wounds.
  8919 | D:10     | Killed a centaur warrior
  8940 | D:10     | 8940 ||| INVOKING Finesse.
  8951 | D:10     | HP: 7/69 [acid dragon/splash of acid (15)]
  8952 | D:10     | 8952 ||| READING 4 scrolls of teleportation.
  8955 | D:10     | Killed from afar by a gargoyle

Levels and vault maps discovered:
D:1:      roderic_chinese_lattice_arrival, layout_basic,
          shapermc_ecumenical_altar_pompeii, feat_on_display
D:2:      layout_basic, kennysheep_boxes
D:3:      layout_rooms, general_overflow_altar, serial_shops,
          nicolae_shop_hallway_stairs, serial_bayou_pond_c,
          serial_bayou_lagoon_a, chequers_serial_rivers_micro_a
D:4:      layout_rooms, minmay_temple_entry_large_hall, minmay_misc_feat_square
D:5:      layout_rooms, mainiacjoe_overflow_tiny_flanked, gup_sewer_entry_pipe,
          nicolae_hexahallways, uniq_sigmund
D:6:      layout_basic, biasface_ghost_orc_armoury, kennysheep_generic_room_14
D:7:      layout_basic, uniq_maggie
D:8:      layout_gridville, gammafunk_ghost_split, palyth_stone_intersect,
          grunt_ministairs_1
D:9:      layout_loops_ring, nicolae_overflow_hidden_temple
D:10:     minmay_the_grid_square_5x5_3x3
          [minmay_the_grid_square_5x5_spiral_small,
          minmay_the_grid_square_5x5_two_walls_a,
          minmay_the_grid_square_5x5_beaten_path, minmay_the_grid_square_5x5_n,
          minmay_the_grid_square_5x5_megaprize_diamond,
          minmay_the_grid_square_5x5_three_walls,
          minmay_the_grid_square_5x5_three, minmay_the_grid_square_5x5_fat_x,
          minmay_the_grid_square_5x5_bridge], layout_layer_cave,
          due_lair_maze_entry_diamond, minmay_misc_feat_four_crosses,
          hangedman_decor_riveting, kennysheep_generic_room_7
Temple:   nicolae_temple_x_marks_the_god

Skill      XL: |  1  2  3  4  5  6  7  8  9 10 11 |
---------------+----------------------------------+-----
Axes           | 2 3 4 5 7 8 9 10 11 | 11.0
Dodging        | 2 |  2.1
Fighting       | 4 5 6 7 8 |  8.9
Invocations    | 4 5 8 |  8.5
Armour         | 4 7 8 |  8.0
Throwing       | 3 |  3.1
Shields        | 4 5 |  5.0

Action                   |  1- 3 |  4- 6 |  7- 9 | 10-12 || total
-------------------------+-------+-------+-------+-------++-------
Melee: War axe           |   149 |     4 |       |       ||   153
       Broad axe         |       |    80 |   275 |   245 ||   600
Throw: Boomerang         |       |       |    12 |    11 ||    23
       Javelin           |       |       |     2 |    14 ||    16
Invok: Heroism           |       |       |    12 |    12 ||    24
       Finesse           |       |       |       |     1 ||     1
  Use: Scroll            |     2 |     7 |     5 |     6 ||    20
       Potion            |       |       |     3 |     3 ||     6
Armor: Scale mail        |    86 |    48 |   136 |    24 ||   294
       Plate armour      |       |       |       |   191 ||   191
Dodge: Dodged            |    84 |    42 |   124 |   105 ||   355
Block: Buckler           |    22 |    14 |    56 |    69 ||   161

Table legend:
 A = Non-vault XP
 B = Vault XP
 C = Vault XP percentage of total XP
 D = Non-vault monster count
 E = Vault monster count
 F = Vault count percentage of total count
                 A         B        C        D         E       F
            +---------+---------+-------+---------+---------+-------
      Total |    8881 |    6830 |  43.5 |     212 |      34 |  13.8
            +---------+---------+-------+---------+---------+-------
        D:1 |      45 |       0 |   0.0 |      26 |       0 |   0.0
        D:2 |     122 |       0 |   0.0 |      24 |       0 |   0.0
        D:3 |      85 |       0 |   0.0 |      13 |       0 |   0.0
        D:4 |     742 |       0 |   0.0 |      20 |       0 |   0.0
        D:5 |     812 |     230 |  22.1 |      32 |       9 |  22.0
        D:6 |    1163 |       0 |   0.0 |      32 |       0 |   0.0
        D:7 |    1145 |     385 |  25.2 |      15 |       1 |   6.2
        D:8 |    1715 |     347 |  16.8 |      19 |       5 |  20.8
        D:9 |     931 |       0 |   0.0 |      21 |       0 |   0.0
       D:10 |    2121 |    5868 |  73.5 |      10 |      19 |  65.5
            +---------+---------+-------+---------+---------+-------
